 Dungeon Crawl Stone Soup version 0.22-a0-351-g29664b4 (webtiles) character file.

34435 Amnesiac the Destroyer (level 13, -2/111 HPs)
             Began as a Demigod Conjurer on Apr 13, 2018.
             Slain by an ogre
             ... wielding a cursed -3 giant spiked club
              (24 damage)
             ... on level 1 of the Orcish Mines.
             The game lasted 00:36:20 (18897 turns).

Amnesiac the Destroyer (Demigod Conjurer)          Turns: 18897, Time: 00:36:20

Health: -2/111     AC:  8    Str: 11    XL:     13   Next: 12%
Magic:  1/29       EV: 17    Int: 30    God:
Gold:   1211       SH:  0    Dex: 16    Spells: 12/28 levels left

rFire    . . .     SeeInvis +   a - +9 shortbow (velocity)
rCold    . . .     Gourm    .   (shield currently unavailable)
rNeg     . . .     Faith    .   L - +0 steam dragon scales
rPois    .         Spirit   .   A - +0 helmet
rElec    .         Reflect  .   (no cloak)
rCorr    .         Harm     .   J - +1 pair of gloves
MR       +....                  (no boots)
Stlth    ++........             (no amulet)
HPRegen  0.28/turn              f - ring of see invisible
MPRegen  0.21/turn              O - +3 ring of intelligence

@: very slightly contaminated, slowed, heavily drained, very slow
A: high mp 1
a: no special abilities


You were on level 1 of the Orcish Mines.
You were very hungry.

You visited 2 branches of the dungeon, and saw 13 of its levels.
You also visited: Bailey.

You collected 1211 gold pieces.

Inventory:

Hand Weapons
 a - a +9 shortbow of velocity (weapon)
 b - a +1 blowgun
Missiles
 j - 393 stones
 t - a throwing net
 B - 70 sling bullets
 C - 5 curare-tipped needles
 F - 11 needles of sleeping
 H - 50 arrows (quivered)
 I - 7 poisoned needles
Armour
 d - a +0 shield
 A - a +0 helmet (worn)
 D - a +0 buckler
 J - a +1 pair of gloves (worn)
 L - +0 steam dragon scales (worn)
 P - a +0 robe of cold resistance
Magical Staves
 p - an uncursed staff of cold
Jewellery
 f - a ring of see invisible (left hand)
 O - a +3 ring of intelligence (right hand)
Wands
 w - a wand of acid (3)
 y - a wand of paralysis (24)
 z - a wand of flame (49)
Scrolls
 g - 8 scrolls of teleportation {!r}
 h - 7 scrolls of enchant armour {!r}
 i - 8 scrolls of remove curse {!r}
 K - 2 scrolls of identify {!r}
 M - 3 scrolls of acquirement {!r, unknown}
Potions
 e - 8 potions of curing {!q}
 k - 3 potions of brilliance {!q, unknown}
 l - a potion of magic {!q}
 m - a potion of berserk rage {!q}
 n - a potion of haste {!q}
 o - 9 potions of degeneration {!q}
 q - 3 potions of heal wounds {!q}
 u - 7 potions of might {!q}
 x - a potion of cancellation {!q}
 E - a potion of lignification {!q}
 G - 2 potions of mutation {!q}
 N - 2 potions of invisibility {!q}
Comestibles
 c - 25 rations


   Skills:
 + Level 9.0(7.7) Fighting
 + Level 9.1(7.7) Dodging
 - Level 1.7(0.6) Stealth
 + Level 9.0(7.7) Shields
 + Level 8.1(6.8) Spellcasting
 * Level 9.3(7.9) Conjurations
 - Level 9.0(7.6) Evocations


You had 12 spell levels left.
You knew the following spells:

 Your Spells              Type           Power        Failure   Level  Hunger
a - Iskenderun's Mystic   Conj           ######..     1%          4    ##.....
b - Fulminant Prism       Conj/Hex       ####......   10%         4    ##.....
c - Apportation           Tloc           ##....       4%          1    None
d - Force Lance           Conj/Tloc      ####....     10%         4    ##.....
e - Searing Ray           Conj           ######       1%          2    None
f - Summon Butterflies    Summ           ##......     4%          1    None


Dungeon Overview and Level Annotations

Branches:
Dungeon (11/15)            Temple (0/1) D:5            Lair (0/6) D:10
    Orc (2/2) D:11            Elf (0/3) Orc:2

Shops:
D:4 *

Annotations:
D:8 TheNamelessOne's ghost, novice DsCK


Innate Abilities, Weirdness & Mutations

You have an increased reservoir of magic. (+10% MP)


Message History

The two-headed ogre hits you with a dire flail!
* * * LOW HITPOINT WARNING * * *
The two-headed ogre misses you. The wraith hits you!
* * * LOW HITPOINT WARNING * * *
The wraith closely misses you. The ogre completely misses you.
The two-headed ogre barely misses you. The two-headed ogre closely misses you.
Unknown command.
Really read
r - a scroll of blinking {!r}?
Blink to where?
Press: ? - help, Dir - move target cursor, p - two-headed ogre You are very lightly contaminated with residual magic.
As you read the scroll of blinking {!r}, it crumbles to dust.
Things that are here:
a giant club; a giant spiked club; a giant club
Things that are here:
a giant spiked club; a giant club
Items here: ( )) [ รท a halberd; a robe; a giant club; 5 arrows; an ogre skeleton A wraith comes into view.
Things that are here:
2 arrows; a giant spiked club You see here an arrow.
The wraith misses you.
There is a stone staircase leading up here.
You see here an arrow.
The wraith hits you.
* * * LOW HITPOINT WARNING * * *
The wraith drains your vigour!
You feel as though you will be slow longer.
The ogre hits you with a giant club.
* * * LOW HITPOINT WARNING * * *
You climb upwards.
The wraith is sucked into a shaft!
The shaft crumbles and collapses.
An ogre comes into view. It is wielding a giant spiked club.
The ogre shouts!
There is a stone staircase leading down here.
Really quaff
q - 4 potions of heal wounds {!q}?
You feel much better. The ogre barely misses you.
Casting: Iskenderun's Mystic Blast (safe; 1% risk of failure)
Confirm with . or Enter, or press ? or * to list all spells.
Aiming: Iskenderun's Mystic Blast (safe; 1% risk of failure)
Press: ? - help, Shift-Dir - straight line, f - ogre
Aim: an ogre, wielding a giant club The orb of energy hits the ogre.
The ogre is severely wounded.
The orb of energy explodes!
The mystic blast hits the ogre.
The ogre is heavily wounded.
The ogre hits you with a giant club!!
* * * LOW HITPOINT WARNING * * *
Unknown command.
Casting: Iskenderun's Mystic Blast (safe; 1% risk of failure)
Confirm with . or Enter, or press ? or * to list all spells.
Aiming: Iskenderun's Mystic Blast (safe; 1% risk of failure)
Press: ? - help, Shift-Dir - straight line, f/p - ogre
Aim: an ogre, wielding a giant club (severely wounded)
The orb of energy hits the ogre.
You kill the ogre!
The orb of energy explodes!
The mystic blast hits the ogre.
The ogre is severely wounded.
You are feeling very hungry.
The ogre hits you with a giant spiked club!!
You die...

## ## .# ###.
#.## ...#...
#...##
.......
#.....#
#..O..#.....#
#O#..# ##@..#
#.....##
#...### ##..
###


You could see an ogre.

Vanquished Creatures
  Josephine (Orc:2)
  16 two-headed ogres
  4 ogre magi (Orc:2)
  A tengu warrior (D:11)
  6 orc knights
  A necromancer (D:11)
  An oklob plant (D:5)
  A gargoyle (D:10)
  The ghost of vishdafish the Poker, a novice OpTm of Yredelemnul (D:5)
  A komodo dragon (D:11)
  3 centaur skeletons (D:11)
  A meliai zombie (D:11)
  A hippogriff (D:11)
  4 flying skulls
  5 shadows
  4 wraiths
  A vampire (D:9)
  8 yaks (D:10)
  A basilisk (D:11)
  3 hungry ghosts
  2 steam dragons (D:8)
  2 wargs
  Edmund (D:5)
  Duvessa (D:7)
  2 porcupines (D:10)
  A water moccasin (D:9)
  Purgy (D:3)
  The ghost of Karim the Skirmisher, an amateur GnAK of Lugonu (D:3)
  2 ice beasts
  3 black bears
  19 orc warriors
  3 sky beasts
  29 ogres
  2 wolves (D:10)
  A phantom (D:4)
  2 centaurs
  7 crocodiles (D:10)
  6 bullfrogs
  4 big kobolds
  A gnoll sergeant (D:8)
  Dowan (D:7)
  A water moccasin zombie (D:11)
  A water moccasin skeleton (D:11)
  3 wyvern skeletons
  2 scorpions
  6 killer bees (D:9)
  11 wights
  5 crimson imps
  2 howler monkeys (D:10)
  2 bullfrog zombies (D:11)
  4 centaur zombies
  2 jellies
  14 orc wizards
  4 hounds
  13 orc priests
  2 bullfrog skeletons
  6 iguanas
  8 worker ants
  4 hound skeletons (D:11)
  3 worker ant zombies
  6 gnolls
  14 adders
  3 shadow imps
  4 oozes
  An adder skeleton (D:6)
  4 worms
  A dart slug (D:2)
  3 leopard geckos
  82 orcs
  A ball python (D:7)
  13 bats
  5 giant cockroaches
  8 goblins
  5 hobgoblins
  3 jackals (D:5)
  20 kobolds
  5 quokkas
  2 frilled lizards
  A giant cockroach zombie (D:5)
  A jackal skeleton (D:7)
  3 quokka skeletons
  14 rats
  2 fungi (D:5)
  3 plants (D:5)
452 creatures vanquished.

Vanquished Creatures (others)
  An orc wizard (Orc:2)
  36 fulminant prisms
  3 fungi (D:10)
  2 plants (D:10)
  14 toadstools (D:5)
56 creatures vanquished.

Grand Total: 508 creatures vanquished

Notes
Turn   | Place    | Note
-------+----------+-------------------------------------------
     0 | D:1      | Amnesiac the Demigod Conjurer began the quest for the Orb.
     0 | D:1      | Reached XP level 1. HP: 14/14 MP: 5/5
   110 | D:1      | Reached XP level 2. HP: 20/20 MP: 1/7
   665 | D:1      | Reached XP level 3. HP: 26/26 MP: 7/9
   677 | D:1      | Learned a level 2 spell: Searing Ray
   702 | D:1      | Found a sacrificial altar of Ru.
   715 | D:1      | Found a hide-covered altar of Uskayaw.
   715 | D:1      | Found a sparkling altar of Nemelex Xobeh.
   717 | D:1      | Found a shattered altar of Ashenzari.
   717 | D:1      | Found a glowing golden altar of the Shining One.
   717 | D:1      | Found a shimmering altar of Xom.
  1629 | D:2      | Found a faded altar of an unknown god.
  1713 | D:2      | Reached XP level 4. HP: 33/33 MP: 9/11
  1719 | D:2      | Learned a level 4 spell: Iskenderun's Mystic Blast
  1980 | D:3      | Noticed Purgy
  1988 | D:3      | Killed Purgy
  1988 | D:3      | Reached XP level 5. HP: 33/38 MP: 2/14
  2329 | D:3      | Noticed Karim's ghost (amateur GnAK)
  2350 | D:3      | Killed Karim's ghost
  2546 | D:3      | Reached XP level 6. HP: 29/45 MP: 1/16
  2876 | D:4      | Reached skill level 5 in Spellcasting
  2876 | D:4      | Reached skill level 5 in Conjurations
  3031 | D:4      | Found Veseuklu's Elemental Accessories.
  3112 | D:4      | Found a shattered altar of Ashenzari.
  3114 | D:4      | Reached XP level 7. HP: 50/50 MP: 9/18
  3544 | D:5      | Entered Level 5 of the Dungeon
  3886 | D:5      | Noticed vishdafish's ghost (novice OpTm)
  3974 | D:5      | Killed vishdafish's ghost
  3982 | D:5      | Reached XP level 8. HP: 56/57 MP: 6/22
  4112 | D:5      | Found a staircase to the Ecumenical Temple.
  4171 | D:5      | Found a sparkling altar of Nemelex Xobeh.
  4189 | D:5      | Found a radiant altar of Vehumet.
  4356 | D:5      | Found a blossoming altar of Fedhas.
  4369 | D:5      | Noticed an oklob plant
  4379 | D:5      | Learned a level 4 spell: Fulminant Prism
  4640 | D:5      | Killed an oklob plant
  4751 | D:6      | Noticed Edmund
  4797 | D:5      | Killed Edmund
  5098 | D:6      | Learned a level 4 spell: Force Lance
  5287 | D:6      | Found a blossoming altar of Fedhas.
  5771 | D:7      | Reached XP level 9. HP: 62/62 MP: 4/25
  6422 | D:7      | Noticed Duvessa
  6424 | D:7      | Noticed Dowan
  6443 | D:7      | Killed Duvessa
  6445 | D:7      | Killed Dowan
  7144 | D:8      | Reached skill level 5 in Dodging
  7158 | D:8      | Noticed a two-headed ogre
  7314 | D:8      | Noticed TheNamelessOne's ghost (novice DsCK)
  7606 | D:8      | Killed a two-headed ogre
  7609 | D:8      | Noticed a two-headed ogre
  8074 | D:8      | Killed a two-headed ogre
  8074 | D:8      | Reached XP level 10. HP: 42/69 MP: 2/26
  8462 | D:8      | Found an ornate altar of the Wu Jian Council.
  8514 | D:8      | Reached skill level 1 in Fighting
  8679 | D:8      | Found an opulent altar of Gozag.
  8683 | D:8      | Found a shimmering altar of Xom.
  8711 | D:8      | Found a shadowy altar of Dithmenos.
  9715 | D:9      | Reached skill level 1 in Shields
  9797 | D:9      | Found a flagged portal.
  9806 | Bailey   | Entered a bailey
 10424 | Bailey   | Noticed an orc knight
 10464 | Bailey   | Noticed an orc knight
 10497 | Bailey   | Killed an orc knight
 10520 | Bailey   | Killed an orc knight
 10525 | Bailey   | Noticed an orc knight
 10545 | Bailey   | Killed an orc knight
 10663 | Bailey   | Noticed an orc knight
 10675 | Bailey   | Killed an orc knight
 10682 | Bailey   | Noticed an orc knight
 10695 | Bailey   | Killed an orc knight
 10695 | Bailey   | Reached XP level 11. HP: 24/84 MP: 0/27
 11031 | D:9      | Reached skill level 5 in Evocations
 11275 | D:9      | Found a stormy altar of Qazlal.
 11534 | D:10     | Entered Level 10 of the Dungeon
 11549 | D:10     | Learned a level 1 spell: Apportation
 11551 | D:10     | Learned a level 1 spell: Summon Butterflies
 11673 | D:10     | Found a staircase to the Lair.
 13221 | D:11     | Found a staircase to the Orcish Mines.
 13513 | D:11     | Noticed a tengu warrior
 13524 | D:11     | Noticed a necromancer
 13527 | D:11     | Noticed a two-headed ogre
 13537 | D:11     | HP: 1/84 [two-headed ogre/giant club (16)]
 13551 | D:10     | Killed a two-headed ogre
 13899 | D:11     | Reached skill level 5 in Fighting
 13899 | D:11     | Reached skill level 5 in Shields
 14239 | D:11     | Killed a tengu warrior
 14322 | D:11     | Killed a necromancer
 14329 | D:11     | Reached XP level 12. HP: 74/95 MP: 6/28
 14895 | Orc:1    | Entered Level 1 of the Orcish Mines
 15294 | Orc:2    | Entered Level 2 of the Orcish Mines
 15810 | Orc:2    | Noticed an ogre mage
 16072 | Orc:1    | HP: 3/100 [ogre/giant spiked club (25)]
 17401 | Orc:2    | Found a roughly hewn altar of Beogh.
 17778 | Orc:2    | Found a staircase to the Elven Halls.
 17794 | Orc:2    | Killed an ogre mage
 18309 | Orc:2    | Noticed an ogre mage
 18313 | Orc:2    | Killed an ogre mage
 18313 | Orc:2    | Reached XP level 13. HP: 111/111 MP: 10/29
 18846 | Orc:2    | Noticed Josephine
 18853 | Orc:2    | Killed Josephine
 18897 | Orc:1    | Slain by an ogre

Vault maps used:
D:1:      erik_arrival_gehennom, serial_park_tiny_1, doesnt_xom_only_xom
D:2:      chequers_ecumenical_altar_simple_redux
D:3:      uniq_purgy
D:4:      evilmike_ruin_ashenzari, first_ration, nicolae_elemental_shop
D:5:      kennysheep_little_box, minmay_temple_entry_water_ring, basic_altar,
          st_stairs_5, tgw_fedhas
D:6:      kennysheep_steamy, kennysheep_mini_moat, uniq_edmund
D:7:      minivault_1, uniq_duvessa
D:8:      nicolae_overflow_hidden_temple, grunt_dithmenos_smoke, minitemple,
          feat_on_display
D:9:      marbit_many_paths, enter_bailey_7
D:10:     minmay_lair_entry_grove
D:11:     hangedman_screamer, orc_0_dummy, grunt_tengu_nest
Orc:2:    st_orc_ogre_mass, basic_altar, uniq_josephine
Bailey:   bailey_polearm_5, bailey

Skill      XL: |  1  2  3  4  5  6  7  8  9 10 11 12 13 |
---------------+----------------------------------------+-----
Spellcasting   | 2 3 4 5 7 8 |  8.1
Conjurations   | 4 5 6 8 9 |  9.3
Dodging        | 3 8 9 |  9.1
Fighting       | 4 5 9 |  9.0
Shields        | 4 5 9 |  9.0
Evocations     | 4 9 |  9.0
Stealth        | |  1.7

Action                   |  1- 3 |  4- 6 |  7- 9 | 10-12 | 13-15 || total
-------------------------+-------+-------+-------+-------+-------++-------
Melee: Unarmed           |     1 |     1 |       |       |       ||     2
       Staff             |       |       |       |     1 |       ||     1
 Fire: Shortbow          |       |       |    67 |   759 |    26 ||   852
 Cast: Magic Dart        |   100 |    41 |     1 |       |       ||   142
       Searing Ray       |       |    15 |    21 |       |       ||    36
       Iskenderun's Myst |       |     1 |    69 |   195 |    12 ||   277
       Fulminant Prism   |       |       |    25 |    11 |       ||    36
       Force Lance       |       |       |     3 |     6 |     4 ||    13
Evoke: Wand              |       |       |       |    19 |       ||    19
  Use: Scroll            |       |       |    18 |    12 |     1 ||    31
       Potion            |       |       |       |     4 |     1 ||     5
  Eat: Chunk             |     2 |     5 |    10 |    28 |     1 ||    46
       Ration            |       |       |     3 |     3 |       ||     6
Armor: Robe              |     5 |     3 |       |       |       ||     8
       Troll leather arm |       |     6 |    39 |       |       ||    45
       Steam dragon scal |       |       |       |   109 |       ||   109
Dodge: Dodged            |     3 |    12 |    89 |   498 |    18 ||   620

Table legend:
 A = Spawn XP
 B = Non-spawn XP
 C = Spawn XP percentage of total XP
 D = Spawn monster count
 E = Non-spawn monster count
 F = Spawn count percentage of total count
 G = Total turns spent on level
                    A         B        C        D         E        F      G
               +---------+---------+-------+---------+---------+-------+---------
         Total |       0 |   49193 |   0.0 |       0 |     447 |   0.0 | 18897
               +---------+---------+-------+---------+---------+-------+---------
           D:1 |       0 |      62 |   0.0 |       0 |      30 |   0.0 |  1207
           D:2 |       0 |      54 |   0.0 |       0 |      16 |   0.0 |   926
           D:3 |       0 |     381 |   0.0 |       0 |      23 |   0.0 |   789
           D:4 |       0 |     394 |   0.0 |       0 |      11 |   0.0 |   812
           D:5 |       0 |    1701 |   0.0 |       0 |      21 |   0.0 |  1554
           D:6 |       0 |     658 |   0.0 |       0 |      22 |   0.0 |   694
           D:7 |       0 |     768 |   0.0 |       0 |      15 |   0.0 |  1832
           D:8 |       0 |    3659 |   0.0 |       0 |      35 |   0.0 |  1448
           D:9 |       0 |    2099 |   0.0 |       0 |      37 |   0.0 |  1068
          D:10 |       0 |    5962 |   0.0 |       0 |      48 |   0.0 |  1912
          D:11 |       0 |    8100 |   0.0 |       0 |      56 |   0.0 |  2380
         Orc:1 |       0 |    6784 |   0.0 |       0 |      45 |   0.0 |  1519
         Orc:2 |       0 |   14409 |   0.0 |       0 |      48 |   0.0 |  1552
        Bailey |       0 |    4162 |   0.0 |       0 |      40 |   0.0 |  1204
               +---------+---------+-------+---------+---------+-------+---------
